 Dungeon Crawl Stone Soup version 0.19.3-1-g3169bf9 (console) character file.

9226 Grinner the Bludgeoner (level 11, -1/110 HPs)
             Began as an Ogre Monk on Jan 26, 2017.
             Was a High Priest of Okawaru.
             Slain by a spiny frog (17 damage)
             ... on level 1 of the Lair of Beasts.
             The game lasted 00:30:08 (8664 turns).

Grinner the Bludgeoner (Ogre Monk)                  Turns: 8664, Time: 00:30:08

Health: -1/110     AC: 11    Str: 21    XL:     11   Next: 43%
Magic:  9/11       EV: 17    Int:  9    God:    Okawaru [*****.]
Gold:   707        SH:  0    Dex: 12    Spells: 1 memorised, 7 levels left

rFire  + + .     SeeInvis .     a - +0 dire flail
rCold  + . .     Gourm    .     D - +2 robe {rF+}
rNeg   . . .     Faith    .     (shield currently unavailable)
rPois  +         Spirit   .     F - +1 hat
rElec  +         Reflect  .     G - +2 cloak {MR+}
rCorr  +         Harm     .     (gloves unavailable)
MR     ++...     Rnd*Tele +     (boots unavailable)
Stlth  +++.......               (no amulet)
                                f - ring of poison resistance
                                r - ring of wizardry

@: lethally poisoned (-1 -> -8), resistant, heroism
A: unfitting armour, talons 1, thin metallic scales 1, blurry vision 1, frail 1,
teleportitis 1, tough skin 1
a: Heroism, Finesse, Renounce Religion


You were on level 1 of the Lair of Beasts.
You worshipped Okawaru.
Okawaru was extremely pleased with you.
You were very hungry.

You visited 3 branches of the dungeon, and saw 12 of its levels.

You collected 747 gold pieces.
You spent 40 gold pieces at shops.

Inventory:

Hand Weapons
 a - a +0 dire flail (weapon)
 C - a +2 flail of distortion
Missiles
 z - 2 javelins (quivered)
Armour
 D - a +2 robe of fire resistance (worn)
 F - a +1 hat (worn)
 G - a +2 cloak of magic resistance (worn)
 N - the +1 robe of Gravity {rElec rC- Int+4 Dex+6}
   (Okawaru gifted it to you on level 9 of the Dungeon)

   It affects your intelligence (+4).
   It affects your dexterity (+6).
   It makes you vulnerable to cold.
   It insulates you from electricity.
Jewellery
 f - a ring of poison resistance (right hand)
 g - an uncursed ring of fire
 n - an uncursed ring of wizardry
 r - a ring of wizardry (left hand)
 J - an uncursed ring of fire
Wands
 h - a wand of confusion (22/48)
 q - a wand of acid (0/15)
 t - a wand of lightning (0/15)
 E - a wand of confusion (25/48)
 O - a wand of random effects (14/48)
 R - a wand of acid (6/15)
Scrolls
 d - a scroll of teleportation
 e - 4 scrolls of remove curse
 k - 2 scrolls of blinking {unknown}
 l - a scroll of fear {unknown}
 o - a scroll of silence {unknown}
 p - a scroll of enchant armour
 s - a scroll of amnesia {unknown}
 u - 4 scrolls of enchant weapon {unknown}
 v - 4 scrolls of recharging {unknown}
 y - a scroll of immolation {unknown}
 A - a scroll of magic mapping
 I - 2 scrolls of fog {unknown}
 K - 2 scrolls of identify
 L - a scroll of random uselessness {unknown}
 Q - a scroll of brand weapon {unknown}
Potions
 i - 2 potions of flight
 m - 3 potions of brilliance
 w - a potion of ambrosia
 B - a potion of cancellation
 H - a potion of magic
Books
 b - a book of Flames

   Spells                             Type                      Level
   a - Flame Tongue                   Conjuration/Fire             1
   b - Throw Flame                    Conjuration/Fire             2
   c - Conjure Flame                  Conjuration/Fire             3
   d - Inner Flame                    Hexes/Fire                   3
   e - Sticky Flame                   Conjuration/Fire             4
   f - Fireball                       Conjuration/Fire             5
Comestibles
 c - 5 bread rations
 j - 2 meat rations
 x - 7 royal jellies
 M - 5 fruits


   Skills:
 * Level 11.8(16.8) Fighting
 + Level 16.8(21.8) Maces & Flails
 - Level 1.4(6.4) Throwing
 * Level 8.6(13.6) Dodging
 - Level 1.4(6.4) Stealth


You had 7 spell levels left.
You knew the following spells:

 Your Spells              Type           Power        Failure   Level  Hunger
a - Conjure Flame         Conj/Fire      #.......     65%         3    ####...


Dungeon Overview and Level Annotations

Branches:
Dungeon (10/15)            Temple (1/1) D:5            Lair (1/6) D:9
    Orc: D:9-12

Altars:
Ashenzari
Dithmenos
Elyvilon
Fedhas
Gozag
Hepliaklqana
Kikubaaqudgha
Makhleb
Nemelex Xobeh
Okawaru
Qazlal
Ru
Sif Muna
Trog
Uskayaw
Vehumet
Xom
Yredelemnul
Zin
The Shining One

Shops:
D:4 (   D:9 !

Annotations:
D:8 1 runed door, Grum; Maurice; subsume's ghost, novice TrMo
D:10 Nergalle


Innate Abilities, Weirdness & Mutations

You are too large for most types of armour.
You have tough skin. (AC +1)
You have sharp toenails.
You are partially covered in thin metallic scales. (AC +2)
Scrolls take you a little longer to read.
You are frail. (-10% HP)
You are occasionally teleported next to monsters.


Message History

You closely miss the spiny frog.
You claw the spiny frog, but do no damage.
The spiny frog is lightly wounded.
You feel sick. The spiny frog misses you.
You hit the spiny frog but do no damage.
You claw the spiny frog, but do no damage.
The spiny frog is lightly wounded.
You feel sick.
You thump the spiny frog!
You claw the spiny frog, but do no damage.
The spiny frog is moderately wounded.
You feel sick. The spiny frog closely misses you.
You closely miss the spiny frog.
The spiny frog is moderately wounded.
You feel sick. The spiny frog misses you.
You puncture the spiny frog!
You claw the spiny frog, but do no damage.
The spiny frog is severely wounded.
The spiny frog stings you!
You die...

### ## ....... ...
#........ .... #........
.....#### #........
........####..........
......F@....#[..........
.....######.+...........
... ##....>....... .
##..>........
#........... #..........
##.P##.+P# ##
#.......####
###P.##.###### #P
#...#.####.#


You could see a spiny frog.

Vanquished Creatures
  Snorg (D:10)
  A hill giant (D:10)
  Pikel (D:7)
  2 black mambas (Lair:1)
  A spiny frog (Lair:1)
  The ghost of splatman the Tainter, a novice DsVM of Vehumet (D:6)
  A queen bee (D:8)
  3 yaks (D:10)
  4 water moccasins
  2 hell hounds (D:9)
  4 ice beasts
  An orc warrior (D:7)
  2 black bears (D:9)
  3 sky beasts
  3 ogres
  A phantom (D:9)
  A wolf (D:9)
  4 centaurs
  A crocodile (Lair:1)
  A big kobold (D:9)
  8 bullfrogs
  Blork the orc (D:5)
  A wyvern zombie (D:10)
  2 wyvern skeletons
  2 scorpions
  14 killer bees (D:8)
  4 wights (D:10)
  4 crimson imps
  A centaur zombie (D:9)
  A quasit (D:10)
  Crazy Yiuf (D:5)
  2 bullfrog skeletons
  A bullfrog zombie (D:7)
  A jelly (D:6)
  5 orc priests
  3 hounds
  11 orc wizards
  2 centaur skeletons
  2 iguanas (D:5)
  7 worker ants
  A killer bee zombie (D:5)
  3 gnolls (D:2)
  13 adders
  2 shadow imps
  An ooze (D:2)
  An adder skeleton (D:3)
  A worm (D:3)
  A dart slug (D:1)
  3 leopard geckos
  34 orcs
  5 giant cockroaches
  7 goblins
  6 hobgoblins
  4 jackals (D:6)
  12 kobolds
  2 quokkas
  8 bats
  3 frilled lizards
  A jackal skeleton (D:6)
  4 rats
223 creatures vanquished.

Notes
Turn   | Place    | Note
-------+----------+-------------------------------------------
     0 | D:1      | Grinner the Ogre Monk began the quest for the Orb.
     0 | D:1      | Reached XP level 1. HP: 24/24 MP: 1/1
    66 | D:1      | Reached XP level 2. HP: 26/32 MP: 2/2
   511 | D:2      | Reached skill level 1 in Throwing
   511 | D:2      | Reached XP level 3. HP: 36/40 MP: 3/3
   905 | D:2      | Reached XP level 4. HP: 46/49 MP: 4/4
  1082 | D:2      | Reached skill level 5 in Fighting
  1417 | D:3      | Reached skill level 5 in Maces & Flails
  1458 | D:3      | Found a bloodstained altar of Trog.
  1555 | D:3      | Reached XP level 5. HP: 53/57 MP: 5/5
  2082 | D:3      | Reached skill level 15 in Maces & Flails
  2082 | D:3      | Reached XP level 6. HP: 66/66 MP: 6/6
  2303 | D:4      | Reached XP level 7. HP: 28/74 MP: 7/7
  2559 | D:4      | Found Niggah's Weapon Emporium.
  2571 | D:4      | Bought a +0 dire flail for 40 gold pieces
  3231 | D:5      | Entered Level 5 of the Dungeon
  3318 | D:5      | Reached XP level 8. HP: 63/84 MP: 8/8
  3497 | D:5      | Noticed Blork the orc
  3503 | D:5      | Killed Blork the orc
  3762 | D:5      | Learned a level 3 spell: Conjure Flame
  3805 | D:5      | Found a staircase to the Ecumenical Temple.
  3822 | Temple   | Entered the Ecumenical Temple
  3913 | Temple   | Became a worshipper of Warmaster Okawaru
  3913 | Temple   | Reached * piety under Okawaru
  3913 | Temple   | Reached ** piety under Okawaru
  4134 | D:5      | Found a runed door.
  4138 | D:5      | Noticed Crazy Yiuf
  4145 | D:5      | Killed Crazy Yiuf
  4384 | D:6      | Found a basalt altar of Yredelemnul.
  4417 | D:6      | Gained mutation: You are partially covered in thin metallic scales. (AC +2) [mutagenic meat]
  4418 | D:6      | Gained mutation: Scrolls take you a little longer to read. [mutagenic meat]
  4419 | D:6      | Gained mutation: You are frail. (-10% HP) [mutagenic meat]
  4420 | D:6      | Gained mutation: You have sharp toenails. [mutagenic meat]
  4421 | D:6      | Gained mutation: Your spells are a little easier to cast, but a little less powerful. [mutagenic meat]
  4422 | D:6      | Lost mutation: Your spells are a little easier to cast, but a little less powerful. [mutagenic meat]
  4629 | D:6      | Reached skill level 5 in Dodging
  4698 | D:6      | Noticed splatman's ghost (novice DsVM)
  4723 | D:6      | Killed splatman's ghost
  4723 | D:6      | Reached XP level 9. HP: 51/84 MP: 9/9
  4865 | D:6      | Reached skill level 16 in Maces & Flails
  5157 | D:6      | Gained mutation: Your spells are a little easier to cast, but a little less powerful. [mutagenic meat]
  5160 | D:6      | Gained mutation: You are occasionally teleported next to monsters. [mutagenic meat]
  5161 | D:6      | Lost mutation: Your spells are a little easier to cast, but a little less powerful. [mutagenic meat]
  5269 | D:6      | Found a glowing golden altar of the Shining One.
  5546 | D:7      | Reached *** piety under Okawaru
  5789 | D:7      | Noticed Pikel
  5800 | D:7      | Killed Pikel
  6018 | D:8      | Found a white marble altar of Elyvilon.
  6041 | D:8      | Reached **** piety under Okawaru
  6061 | D:8      | Noticed a queen bee
  6061 | D:8      | Reached XP level 10. HP: 67/96 MP: 10/10
  6113 | D:8      | Noticed subsume's ghost (novice TrMo)
  6125 | D:8      | Noticed Maurice
  6557 | D:8      | Noticed a sixfirhy
  6558 | D:8      | Found a runed door.
  6597 | D:8      | Noticed Grum
  6638 | D:9      | Reached skill level 10 in Fighting
  6650 | D:9      | Reached ***** piety under Okawaru
  6725 | D:9      | Found Noppit's Distillery.
  6968 | D:9      | Found a staircase to the Lair.
  7108 | D:9      | Received a gift from Okawaru
  7122 | D:9      | Got a fabulously ornate robe {god gift}
  7133 | D:9      | Identified the +1 robe of Gravity {rElec rC- Int+4 Dex+6} (Okawaru gifted it to you on level 9 of the Dungeon)
  7177 | D:10     | Entered Level 10 of the Dungeon
  7177 | D:10     | Noticed Nergalle
  7319 | D:10     | Noticed a hill giant
  7324 | D:10     | Killed a hill giant
  7324 | D:10     | Reached XP level 11. HP: 54/108 MP: 8/11
  7403 | D:10     | Noticed Snorg
  7421 | D:10     | Killed Snorg
  7828 | D:10     | Found a glowing silver altar of Zin.
  7829 | D:10     | Noticed an angel
  8052 | D:10     | Found a bloodstained altar of Trog.
  8211 | Lair:1   | Entered Level 1 of the Lair of Beasts
  8664 | Lair:1   | Slain by a spiny frog

Skill      XL: |  1  2  3  4  5  6  7  8  9 10 11 |
---------------+----------------------------------+-----
Dodging        | 3 4 5 6 7 8 |  8.6
Throwing       | 1 |  1.4
Fighting       | 5 6 7 9 11 | 11.8
Maces & Flails | 5 15 16 | 16.8
Stealth        | |  1.4

Action                   |  1- 3 |  4- 6 |  7- 9 | 10-12 || total
-------------------------+-------+-------+-------+-------++-------
Melee: Mace              |    84 |    25 |       |       ||   109
       Flail             |       |   120 |     8 |       ||   128
       Dire flail        |       |       |   284 |   385 ||   669
       Kick              |       |       |    42 |    96 ||   138
Throw: Throwing net      |       |       |     2 |     2 ||     4
Invok: Heroism           |       |       |       |     5 ||     5
Evoke: Wand              |       |       |     2 |     3 ||     5
  Use: Scroll            |     5 |     2 |     3 |     3 ||    13
       Potion            |     1 |     1 |     6 |    12 ||    20
 Stab: Sleeping          |       |     3 |     1 |       ||     4
       Held in net/web   |       |       |     1 |     4 ||     5
  Eat: Chunk             |       |     4 |    21 |     7 ||    32
       Beef jerky        |       |       |     1 |     1 ||     2
Armor: Robe              |    38 |    22 |    60 |   132 ||   252
       Skin              |       |       |       |     8 ||     8
Dodge: Dodged            |    69 |    66 |   108 |   265 ||   508
